 Dungeon Crawl Stone Soup version 0.31.0-11-ge490571c62 (webtiles) character file.

Game seed: 17605613965463339857

83 qw the Shooter (level 4, -1/25 HPs)
             Began as a Deep Elf Hunter on Feb 3, 2024.
             Slain by an iguana (9 damage)
             ... on level 2 of the Dungeon.
             The game lasted 00:00:05 (1160 turns).

qw the Shooter (Deep Elf Hunter)                    Turns: 1160, Time: 00:00:06

Health: -1/25      AC:  3    Str: 10    XL:     4   Next: 22%
Magic:  6/6        EV: 12    Int: 14    God:
Gold:   101        SH:  0    Dex: 18    Spells: 3/3 levels left

rFire   . . .        a - +0 shortbow
rCold   . . .        (shield currently unavailable)
rNeg    . . .        c - +0 leather armour
rPois   .            (no helmet)
rElec   .            (no cloak)
rCorr   .            (no gloves)
SInv    .            (no boots)
Will    .....        (no amulet)
Stlth   ++           (no ring)
HPRegen 0.24/turn    (no ring)
MPRegen 0.10/turn

%: no passive effects
@: no status effects
A: no striking features
a: no special abilities


You were on level 2 of the Dungeon.
You visited 1 branch of the dungeon, and saw 2 of its levels.

You collected 101 gold pieces.


   Skills:
 - Level 1.5 Fighting
 + Level 7.6 Ranged Weapons
 - Level 2.4 Dodging
 - Level 1.2 Stealth


You had 3 spell levels left.
You didn't know any spells.
Your spell library was empty.

Inventory:

Hand Weapons
 a - a +0 shortbow (weapon)
Armour
 c - a +0 leather armour (worn)
 e - a +0 scale mail
 i - a +0 ring mail
Scrolls
 b - a scroll of blinking {unknown}
 d - a scroll of identify {unknown}
 f - a scroll of teleportation
 h - a scroll of immolation {unknown}
Potions
 g - a potion of attraction {unknown}
 j - a potion of berserk rage {unknown}
 k - 2 potions of enlightenment {unknown}

Dungeon Overview and Level Annotations

Branches:
Dungeon (2/15)

Altars:
The Shining One


Message History

You shoot an arrow. The adder hisses angrily.
The arrow hits the ribbon worm.
The ribbon worm is heavily wounded.
An iguana comes into view.
You shoot an arrow.
The arrow barely misses the ribbon worm.
The ribbon worm expels a string of sticky webbing.
The stream of webbing misses you.
You shoot an arrow. The arrow hits the ribbon worm.
The ribbon worm is heavily wounded.
You shoot an arrow.
The arrow barely misses the ribbon worm.
You shoot an arrow. The arrow hits the ribbon worm.
The ribbon worm is heavily wounded.
The adder misses you.
You shoot an arrow. The arrow hits the ribbon worm.
The ribbon worm is almost dead.
The ribbon worm bites you. The adder barely misses you.
You shoot an arrow. The arrow hits the ribbon worm.
You kill the ribbon worm!
The adder barely misses you.
You shoot an arrow. The arrow hits the iguana.
The iguana is lightly wounded.
The adder bites you. The iguana bites you! The adder closely misses you.
You shoot an arrow.
The arrow hits the iguana but does no damage.
The iguana is lightly wounded.
The iguana barely misses you. The adder barely misses you.
You shoot an arrow.
The arrow hits the iguana but does no damage.
The iguana is lightly wounded.
The adder barely misses you. The iguana closely misses you.
The adder barely misses you.
You shoot an arrow. The arrow hits the iguana.
The iguana is moderately wounded.
The hobgoblin hits you but does no damage.
The iguana hisses menacingly.
The iguana bites you!
You die...

#.#.# ##..... ....# .. #..##
#..... #.#.# ..#...# #..... #.#.#
.#...# #..... #.#.# ....## #.....
#...# #....# ###### ###.# #....#
.# #.. ....# ..####.lSg#...## #..
.##.# ..%.....@....... #..
.<..###########)############ #..
.##........................# #..
.##.################.##....# #..
.##.# #.###.#.####.. ###.#
#############.....#.......
###+####..............##......#..
................#####+####.##.#..
................###...........#..


You could see an iguana, an adder and a hobgoblin.

Vanquished Creatures
  3 adders (D:2)
  3 ribbon worms (D:2)
  5 ball pythons
  2 endoplasms (D:2)
  A giant cockroach (D:1)
  5 hobgoblins
  7 jackals (D:1)
  3 quokkas
  A bat (D:2)
  2 frilled lizards
  6 goblins
  4 kobolds
  5 rats
47 creatures vanquished.

Notes
Turn   | Place    | Note
-------+----------+-------------------------------------------
     0 | D:1      | qw the Deep Elf Hunter began the quest for the Orb.
     0 | D:1      | Reached XP level 1. HP: 12/12 MP: 3/3
     0 | D:1      | 0 ||| qw: Version: 0.3-a-157-g843a77d
     0 | D:1      | 0 ||| qw: Game counter: 3697
     0 | D:1      | 0 ||| qw: Melee chars always use a shield: true
     0 | D:1      | 0 ||| qw: God list: Okawaru
     0 | D:1      | 0 ||| qw: Allow faded altars: false
     0 | D:1      | 0 ||| qw: Do Orc after clearing Dungeon:15 true
     0 | D:1      | 0 ||| qw: Do second Lair branch before Depths: true
     0 | D:1      | 0 ||| qw: Lair rune preference: random
     0 | D:1      | 0 ||| qw: Goals: Normal
     0 | D:1      | 0 ||| PLANNING D:1-11
   149 | D:1      | Reached XP level 2. HP: 16/16 MP: 4/4
   152 | D:1      | Reached skill level 6 in Ranged Weapons
   530 | D:1      | 530 ||| READING scroll labelled CAMOZUO DEOSO.
   531 | D:1      | 531 ||| READING scroll labelled NIFFEB XEPIUB.
   534 | D:1      | 534 ||| DRINKING 2 puce potions.
   535 | D:1      | 535 ||| DRINKING yellow potion.
   536 | D:1      | 536 ||| DROPPING scroll of butterflies.
   537 | D:1      | 537 ||| DROPPING potion of ambrosia.
   650 | D:2      | Reached XP level 3. HP: 20/20 MP: 5/5
   657 | D:2      | Found a glowing golden altar of the Shining One.
   810 | D:2      | Reached skill level 7 in Ranged Weapons
  1083 | D:2      | Reached XP level 4. HP: 25/25 MP: 6/6
  1160 | D:2      | Slain by an iguana

Levels and vault maps discovered:
D:1:      minmay_arrival_shattered_statue, layout_rooms, serial_bayou_lagoon_b
D:2:      minmay_recursive_quarters, layout_basic, basic_altar, minmay_cupped

Skill      XL: |  1  2  3 |
---------------+----------+-----
Ranged Weapons | 6 7 |  7.6
Fighting       | |  1.5
Dodging        | |  2.4
Stealth        | |  1.2

Action                     |  1- 3 |  4- 6 || total
---------------------------+-------+-------++-------
   Fire: Shortbow          |   126 |    21 ||   147
    Use: Scroll            |     2 |       ||     2
         Potion            |     2 |       ||     2
 Armour: Leather armour    |    28 |     8 ||    36
  Dodge: Dodged            |    37 |    11 ||    48

Table legend:
 A = Non-vault XP
 B = Vault XP
 C = Vault XP percentage of total XP
 D = Non-vault monster count
 E = Vault monster count
 F = Vault count percentage of total count
                 A         B        C        D         E       F
            +---------+---------+-------+---------+---------+-------
      Total |     107 |      12 |  10.1 |      41 |       6 |  12.8
            +---------+---------+-------+---------+---------+-------
        D:1 |      35 |       0 |   0.0 |      21 |       0 |   0.0
        D:2 |      72 |      12 |  14.3 |      20 |       6 |  23.1
            +---------+---------+-------+---------+---------+-------
